 Dungeon Crawl Stone Soup version 0.19-a0-1903-gead39cf (console) character file.

1811 ChaseSP the Destroyer (level 9, -1/45 HPs)
             Began as a Tengu Conjurer on Oct 21, 2016.
             Was an Initiate of Sif Muna.
             Killed from afar by an orc wizard (7 damage)
             ... with a puff of frost
             ... on level 7 of the Dungeon.
             The game lasted 00:23:32 (6666 turns).

ChaseSP the Destroyer (Tengu Conjurer)              Turns: 6666, Time: 00:23:32

Health: -1/45      AC:  5    Str:  8    XL:     9   Next: 10%
Magic:  3/13       EV: 11    Int: 19    God:    Sif Muna [......]
Gold:   254        SH:  0    Dex: 15    Spells: 4 memorised, 1 level left

rFire  . . .     SeeInvis .     B - +0 falchion
rCold  . . .     Gourm    .     J - +0 ring mail
rNeg   . . .     Faith    .     (no shield)
rPois  .         Spirit   .     (helmet restricted)
rElec  .         Reflect  .     (no cloak)
rCorr  .         Harm     .     (no gloves)
MR     .....                    (boots unavailable)
Stlth  +.........               k - amulet of magic regeneration
                                (no ring)
                                K - ring of flight

@: no status effects
A: beak, talons 3, able to fly 1
a: Fly, Renounce Religion, Evoke Flight


You were on level 7 of the Dungeon.
You worshipped Sif Muna.
Sif Muna was noncommittal.
You were hungry.

You visited 2 branches of the dungeon, and saw 8 of its levels.

You collected 254 gold pieces.

Inventory:

Hand Weapons
 t - a +1 mace of draining
 B - a +0 falchion (weapon)
Armour
 J - a +0 ring mail (worn)
Jewellery
 k - an amulet of magic regeneration (around neck)
 n - an uncursed amulet of the gourmand
 o - an uncursed ring of loudness
 K - a ring of flight (left hand)
Wands
 x - a wand of flame (0/48)
 H - a wand of heal wounds (8/9)
Scrolls
 l - 4 scrolls of teleportation {unknown}
 m - a scroll of noise {unknown}
 p - a scroll of holy word {unknown}
 r - a scroll of immolation {unknown}
 s - 2 scrolls of magic mapping {unknown}
 v - 2 scrolls of fog {unknown}
 z - a scroll of enchant weapon {unknown}
 C - a scroll of amnesia {unknown}
 D - a scroll of acquirement {unknown}
 E - a scroll of enchant armour {unknown}
 G - a scroll of identify
Potions
 e - 6 potions of agility
 f - a potion of might {unknown}
 g - a potion of magic {unknown}
 i - 2 potions of lignification {unknown}
 j - 2 potions of resistance
 q - 2 potions of cure mutation {unknown}
 u - a potion of curing {unknown}
 w - a potion of invisibility {unknown}
 F - a potion of mutation {unknown}
 I - 2 potions of heal wounds {unknown}
Books
 b - a book of Conjurations

   Spells                             Type                      Level
   a - Magic Dart                     Conjuration                  1
   b - Searing Ray                    Conjuration                  2
   c - Dazzling Spray                 Conjuration/Hexes            3
   d - Fulminant Prism                Conjuration/Hexes            4
   e - Iskenderun's Mystic Blast      Conjuration                  4
   f - Iskenderun's Battlesphere      Conjuration/Charms           5
 d - a book of Power

   Spells                             Type                      Level
   a - Fulminant Prism                Conjuration/Hexes            4
   b - Iskenderun's Mystic Blast      Conjuration                  4
   c - Venom Bolt                     Conjuration/Poison           5
   d - Bolt of Magma                  Conjuration/Fire/Earth       5
   e - Iron Shot                      Conjuration/Earth            6
   f - Orb of Destruction             Conjuration                  7
   g - Spellforged Servitor           Conjuration/Summoning        7
 y - a book of Cantrips

   Spells                             Type                      Level
   a - Confusing Touch                Hexes                        1
   b - Animate Skeleton               Necromancy                   1
   c - Summon Small Mammal            Summoning                    1
   d - Apportation                    Translocation                1
 A - a book of Misfortune

   Spells                             Type                      Level
   a - Confusing Touch                Hexes                        1
   b - Confuse                        Hexes                        3
   c - Gell's Gravitas                Hexes/Translocation          3
   d - Petrify                        Transmutation/Earth          4
   e - Metabolic Englaciation         Hexes/Ice                    5
   f - Yara's Violent Unravelling     Hexes/Transmutation          5
Comestibles
 a - 5 fruits
 c - 6 bread rations
 h - 3 beef jerkies
 L - 2 chunks of flesh
 M - a meat ration


   Skills:
 - Level 2.9 Armour
 - Level 2.5 Dodging
 - Level 2.0 Stealth
 - Level 2.2 Spellcasting
 + Level 11.8 Conjurations
 - Level 2.1 Hexes
 - Level 5.0 Charms


You had one spell level left.
You knew the following spells:

 Your Spells              Type           Power        Failure   Level  Hunger
a - Magic Dart            Conj           ####         1%          1    #......
b - Searing Ray           Conj           #####.       1%          2    ##.....
c - Dazzling Spray        Conj/Hex       ####..       10%         3    ###....
d - Iskenderun's Battles  Conj/Chrm      ####....     38%         5    ######.


Dungeon Overview and Level Annotations

Branches:
Dungeon (7/15)             Temple (1/1) D:6

Altars:
Cheibriados
Dithmenos
Gozag
Hepliaklqana
Kikubaaqudgha
Okawaru
Qazlal
Sif Muna
Xom
Yredelemnul
Zin


Innate Abilities, Weirdness & Mutations

You have a beak for a mouth.
You have claws for feet.
You can fly.


Message History

The orc hits you but does no damage.
You hit the orc priest.
You kill the orc priest!
Sif Muna accepts your kill. Something hits you but does no damage.
The orc hits you but does no damage. Something hits you but does no damage.
You hit the orc but do no damage. Something hits you but does no damage.
The orc hits you with a mace of crushing.
* * * LOW HITPOINT WARNING * * *
x2 Something hits you.
* * * LOW HITPOINT WARNING * * *
You hit the orc but do no damage. Something hits you.
* * * LOW HITPOINT WARNING * * *
The orc barely misses you.
You riposte.
You closely miss the orc. Your kick misses the orc. Something hits you.
* * * LOW HITPOINT WARNING * * *
You hear some strange, mumbled words.
A puff of frost appears from out of thin air!
The puff of frost hits you!
You die...

########## ##........##
##..........## .
##............## o.
##..............## ...
##..[.............## ....
#...@..............# ....o
#..................#
......#..o....#(.#.......##
#.[)..)..((##........'.
#....'...)....##[)...)..'.
#...##..)....#..#.......##
#.. #...)..............#
... #..................# ##
##................##


You could see an orc.

Vanquished Creatures
  Sigmund (D:6)
  Menkaure (D:4)
  A sky beast (D:6)
  2 ogres (D:5)
  A big kobold (D:7)
  A bullfrog (D:6)
  A wyvern zombie (D:6)
  2 crimson imps
  A jelly (D:5)
  A bullfrog skeleton (D:4)
  A gnoll shaman (D:5)
  3 orc priests
  4 hounds
  2 orc wizards
  An iguana (D:7)
  Ijyb (D:2)
  10 worker ants
  A hound zombie (D:6)
  A hound skeleton (D:7)
  A worker ant zombie (D:6)
  Robin (D:4)
  7 gnolls
  8 adders
  A shadow imp (D:5)
  4 oozes
  2 adder skeletons
  4 worms
  3 dart slugs
  6 leopard geckos
  20 orcs
  6 bats
  5 giant cockroaches
  23 goblins
  8 hobgoblins
  4 jackals (D:4)
  13 kobolds
  A quokka (D:2)
  A ball python (D:4)
  5 frilled lizards
  A jackal zombie (D:6)
  A leopard gecko zombie (D:3)
  A quokka skeleton (D:7)
  5 rats
167 creatures vanquished.

Notes
Turn   | Place    | Note
-------+----------+-------------------------------------------
     0 | D:1      | ChaseSP the Tengu Conjurer began the quest for the Orb.
     0 | D:1      | Reached XP level 1. HP: 10/10 MP: 4/4
   279 | D:1      | Reached XP level 2. HP: 11/15 MP: 0/6
   286 | D:1      | Learned a level 2 spell: Searing Ray
   349 | D:1      | Reached skill level 6 in Conjurations
   600 | D:1      | Reached XP level 3. HP: 18/19 MP: 5/7
   839 | D:2      | Found an ancient bone altar of Kikubaaqudgha.
  1149 | D:2      | Reached skill level 7 in Conjurations
  1177 | D:2      | Reached XP level 4. HP: 24/24 MP: 5/8
  1230 | D:2      | Noticed Ijyb
  1236 | D:2      | Killed Ijyb
  1251 | D:2      | Reached skill level 1 in Armour
  1265 | D:2      | Learned a level 3 spell: Dazzling Spray
  1322 | D:2      | Gained mutation: You can fly. [Tengu growth]
  1322 | D:2      | Reached XP level 5. HP: 26/28 MP: 5/9
  2124 | D:3      | Reached skill level 1 in Hexes
  2360 | D:3      | Reached XP level 6. HP: 32/32 MP: 4/10
  2404 | D:3      | You fall through a shaft!
  2404 | D:4      | Noticed Robin
  2413 | D:5      | Entered Level 5 of the Dungeon
  2882 | D:4      | Killed Robin
  3128 | D:4      | Reached skill level 8 in Conjurations
  3208 | D:4      | Noticed Menkaure
  3215 | D:4      | Killed Menkaure
  3215 | D:4      | Reached skill level 9 in Conjurations
  3215 | D:4      | Reached XP level 7. HP: 18/36 MP: 6/11
  3591 | D:4      | Found a shimmering altar of Xom.
  4017 | D:5      | Reached skill level 10 in Conjurations
  4378 | D:5      | Reached XP level 8. HP: 41/41 MP: 3/12
  4388 | D:5      | Learned a level 5 spell: Iskenderun's Battlesphere
  4396 | D:5      | Found a stormy altar of Qazlal.
  4404 | D:5      | Reached skill level 1 in Charms
  5239 | D:6      | Found an iron altar of Okawaru.
  5389 | D:6      | Noticed Sigmund
  5402 | D:6      | Killed Sigmund
  5487 | D:6      | Found a staircase to the Ecumenical Temple.
  5558 | Temple   | Entered the Ecumenical Temple
  5580 | Temple   | Became a worshipper of Sif Muna the Loreminder
  5651 | D:6      | Reached skill level 5 in Charms
  6071 | D:7      | Reached skill level 11 in Conjurations
  6150 | D:7      | Reached XP level 9. HP: 5/45 MP: 0/13
  6666 | D:7      | Killed from afar by an orc wizard

Vault maps used:
D:1:      dpeg_arrival_morbid_curiosity
D:2:      tgw_kikubaaqudgha, uniq_iyjb
D:3:      first_bread
D:4:      kennysheep_little_box, kennysheep_small_square, uniq_robin,
          uniq_menkaure
D:5:      kennysheep_mini_moat
D:6:      old_standard_altar, uniq_sigmund
D:7:      kennysheep_big_flooded_room, nicolae_tso_swordbearing_angel
Temple:   eino_temple_water

Skill      XL: |  1  2  3  4  5  6  7  8 |
---------------+-------------------------+-----
Conjurations   | 6 7 9 10 11 | 11.8
Armour         | 1 2 |  2.9
Hexes          | 1 2 |  2.1
Charms         | 5 |  5.0
Dodging        | |  2.5
Stealth        | |  2.0
Spellcasting   | |  2.2

Action                   |  1- 3 |  4- 6 |  7- 9 || total
-------------------------+-------+-------+-------++-------
Melee: Mace              |    17 |    26 |     3 ||    46
       Peck              |     1 |     3 |    18 ||    22
       Kick              |     1 |     5 |    32 ||    38
       Falchion          |       |       |    68 ||    68
 Cast: Magic Dart        |    34 |   111 |   105 ||   250
       Searing Ray       |     4 |     5 |    21 ||    30
       Dazzling Spray    |       |     8 |    15 ||    23
 Abil: Fly               |       |       |     1 ||     1
Evoke: Wand              |       |     2 |       ||     2
  Use: Scroll            |     4 |     1 |     2 ||     7
 Stab: Sleeping          |     2 |     2 |       ||     4
       Invisible         |       |       |     4 ||     4
  Eat: Chunk             |     1 |    26 |     7 ||    34
Armor: Robe              |     5 |       |       ||     5
       Ring mail         |       |    16 |    60 ||    76
       Leather armour    |       |     2 |       ||     2
Dodge: Dodged            |    12 |    38 |   122 ||   172
       Rpst.: Falchion   |       |       |    41 ||    41
